 Dungeon Crawl Stone Soup version 0.20.2-3-g29329e0561 (webtiles) character file.

352 Alfie the Covered (level 6, -15/56 HPs)
             Began as a Minotaur Fighter on Oct 20, 2020.
             Demolished by an ogre
             ... wielding a +0 giant spiked club
              (25 damage)
             ... on level 4 of the Dungeon.
             The game lasted 00:06:03 (2376 turns).

Alfie the Covered (Minotaur Fighter)                Turns: 2376, Time: 00:06:04

Health: -15/56     AC:  9    Str: 22      XL:     6   Next: 34%
Magic:  5/5        EV:  8    Int:  4 (5)  God:
Gold:   142        SH:  9    Dex:  8 (10) Spells: 5/5 levels left

rFire    + . .     SeeInvis .   a - +0 long sword
rCold    + . .     Gourm    .   c - +0 shield
rNeg     . . .     Faith    .   b - +1 scale mail
rPois    +         Spirit   .   (helmet restricted)
rElec    +         Reflect  .   (no cloak)
rCorr    +         Harm     .   p - +0 pair of gloves
MR       .....                  (no boots)
Stlth    ..........             (no amulet)
Regen    0.2/turn               (no ring)
MPRegen  0.1/turn               (no ring)

@: resistant
A: retaliatory headbutt, horns 2
a: no special abilities


You were on level 4 of the Dungeon.
You were not hungry.

You visited 1 branch of the dungeon, and saw 4 of its levels.

You collected 142 gold pieces.

Inventory:

Hand Weapons
 a - a +0 long sword (weapon)
Missiles
 j - 4 tomahawks (quivered)
Armour
 b - a +1 scale mail (worn)
 c - a +0 shield (worn)
 p - a +0 pair of gloves (worn)
Jewellery
 r - an uncursed ring of ice
Wands
 l - a wand of flame (14/48)
 q - a wand of digging (15/24)
Scrolls
 g - a scroll of enchant armour
 i - 2 scrolls of teleportation
 n - 3 scrolls of identify
 s - a scroll of remove curse
 v - a scroll of fear
 x - a scroll of enchant weapon {unknown}
Potions
 d - a potion of might
 e - a potion of brilliance
 h - a potion of agility
 k - 2 potions of cancellation
 m - a potion of lignification
 w - a potion of curing
Comestibles
 f - a bread ration
 o - 3 royal jellies
 t - a meat ration


   Skills:
 + Level 5.0 Fighting
 + Level 4.6 Long Blades
 + Level 0.6 Throwing
 + Level 5.5 Armour
 + Level 0.7 Dodging
 + Level 0.3 Stealth
 + Level 5.0 Shields


You had 5 spell levels left.
You didn't know any spells.

Dungeon Overview and Level Annotations

Branches:
Dungeon (4/15)
 Temple: D:4-7

Altars:
Elyvilon
Fedhas
Qazlal
Ru
Yredelemnul

Annotations:
D:3 1 runed door


Innate Abilities, Weirdness & Mutations

You reflexively headbutt those who attack you in melee.
You have a pair of horns on your head.


Message History

An ogre is nearby!
Found 7 gold pieces and a scroll of identify.
Found 10 gold pieces and a bread ration.
Your scale mail prevents you from hitting the ogre.
The ogre hits you with a giant spiked club!!
* * * LOW HITPOINT WARNING * * *
You hit the ogre.
The ogre is lightly wounded.
The ogre barely misses you.
You hit the ogre.
You headbutt the ogre, but do no damage.
The ogre is moderately wounded.
You block the ogre's attack.
You hit the ogre but do no damage.
The ogre is moderately wounded.
You block the ogre's attack.
You hit the ogre.
The ogre is moderately wounded.
The ogre hits you with a giant spiked club!!
You die...

..>........ ....##..$%.
........... ..........
............ ......$...
.?..#........
.........##...##........
...............#........
........................
................##..)...
.......@O.......##......
........................
...####.................
. ##.................
#..............)...
#.†...........#....
#............####..
#.............. ..[
#.....#......... ..


You could see an ogre.

Vanquished Creatures
  An ogre (D:4)
  A howler monkey (D:3)
  A human skeleton (D:3)
  Natasha (thrice) (D:3)
  A worker ant (D:4)
  Terence (D:2)
  3 gnolls (D:2)
  An adder (D:3)
  An ooze (D:2)
  A worm (D:2)
  A dart slug (D:3)
  5 leopard geckos
  A ball python (D:3)
  A giant cockroach (D:3)
  5 goblins
  2 hobgoblins (D:2)
  3 jackals
  A quokka (D:3)
  2 bats
  3 frilled lizards
  A goblin skeleton (D:3)
  A jackal skeleton (D:3)
  6 kobolds
  2 rats
48 creatures vanquished.

Notes
Turn   | Place    | Note
-------+----------+-------------------------------------------
     0 | D:1      | Alfie the Minotaur Fighter began the quest for the Orb.
     0 | D:1      | Reached XP level 1. HP: 19/19 MP: 0/0
   795 | D:2      | Found a sacrificial altar of Ru.
   829 | D:2      | Noticed Terence
   833 | D:2      | Killed Terence
   833 | D:2      | Reached XP level 2. HP: 27/27 MP: 1/1
   838 | D:2      | Reached XP level 3. HP: 33/33 MP: 2/2
   909 | D:2      | Found a stormy altar of Qazlal.
  1011 | D:2      | Found a blossoming altar of Fedhas.
  1011 | D:2      | Found a white marble altar of Elyvilon.
  1060 | D:2      | Reached XP level 4. HP: 21/40 MP: 3/3
  1596 | D:2      | You fall through a shaft for 2 floors!
  1621 | D:3      | Noticed Natasha
  1622 | D:3      | Killed Natasha
  1730 | D:3      | Noticed Natasha
  1738 | D:3      | Killed Natasha
  1738 | D:3      | Reached skill level 5 in Armour
  1754 | D:3      | Reached XP level 5. HP: 31/47 MP: 4/4
  1903 | D:3      | Found a runed door.
  1903 | D:3      | Noticed a human
  1907 | D:3      | Found a basalt altar of Yredelemnul.
  2114 | D:3      | Noticed Natasha
  2117 | D:3      | Killed Natasha
  2299 | D:4      | Reached XP level 6. HP: 50/55 MP: 5/5
  2314 | D:4      | Reached skill level 5 in Fighting
  2331 | D:4      | Reached skill level 5 in Shields
  2376 | D:4      | Demolished by an ogre

Skill      XL: |  1  2  3  4  5  6 |
---------------+-------------------+-----
Fighting       | 4 5 |  5.0
Armour         | 4 5 |  5.5
Shields        | 4 5 |  5.0
Long Blades    | 3 4 |  4.6
Throwing       | |  0.6
Dodging        | |  0.7
Stealth        | |  0.3

Action                   |  1- 3 |  4- 6 || total
-------------------------+-------+-------++-------
Melee: Long sword        |    39 |    94 ||   133
       Headbutt          |     4 |    18 ||    22
Throw: Tomahawk          |     3 |       ||     3
  Use: Scroll            |     5 |     2 ||     7
       Potion            |       |     9 ||     9
  Eat: Bread ration      |       |     1 ||     1
Armor: Scale mail        |    12 |    60 ||    72
Dodge: Dodged            |    10 |    34 ||    44
Block: Shield            |    16 |    78 ||    94
       Rpst.: Long sword |     1 |     9 ||    10
